 Dungeon Crawl Stone Soup version 0.28.0-45-g0d030f2227 (webtiles) character file.

Game seed: 8375328713838375120

528 bobregger the Skirmisher (level 7, -14/111 HPs)
             Began as an Ogre Berserker on Apr 19, 2022.
             Was a Believer of Trog.
             Demolished by an ogre
             ... wielding a +0 giant club
              (18 damage)
             ... on level 6 of the Dungeon on Apr 20, 2022.
             The game lasted 00:07:02 (4696 turns).

bobregger the Skirmisher (Ogre Berserker)           Turns: 4696, Time: 00:07:03

Health: -14/111    AC:  3    Str: 22    XL:     7   Next: 23%
Magic:  7/7        EV: 11    Int:  8    God:    Trog [**....]
Gold:   219        SH:  0    Dex: 10    Spells: 6/6 levels left

rFire   . . .      SeeInvis .   a - +0 mace
rCold   . . .      Faith    .   (no shield)
rNeg    . . .      Spirit   .   b - +0 animal skin
rPois   .          Reflect  .   (helmet restricted)
rElec   .          Harm     .   (no cloak)
rCorr   .          Rampage  .   (gloves unavailable)
Will    .....                   (boots unavailable)
Stlth   ..........              (no amulet)
HPRegen 0.28/turn               (no ring)
MPRegen 0.10/turn               (no ring)

@: berserking, lethally poisoned (-14 -> -23), very quick
A: large, unfitting armour, tough skin 1
a: Renounce Religion, Berserk, Trog's Hand


You were on level 6 of the Dungeon.
You worshipped Trog.
Trog was pleased with you.
You visited 1 branch of the dungeon, and saw 6 of its levels.

You collected 219 gold pieces.

Inventory:

Hand Weapons
 a - a +0 mace (weapon)
Armour
 b - a +0 animal skin (worn)
Jewellery
 c - a ring of ice
 m - a ring of fire
Scrolls
 d - a scroll of blinking {unknown}
 g - 3 scrolls of identify {unknown}
 h - a scroll of enchant weapon {unknown}
 i - 2 scrolls of immolation {unknown}
 j - 2 scrolls of vulnerability {unknown}
 l - 2 scrolls of silence {unknown}
 n - a scroll of fog {unknown}
 o - a scroll of teleportation {unknown}
 q - a scroll of fear {unknown}
Potions
 e - a potion of attraction {unknown}
 f - 3 potions of lignification {unknown}
 k - a potion of ambrosia {unknown}
 p - a potion of curing {unknown}


   Skills:
 + Level 5.7 Fighting
 + Level 5.1 Maces & Flails
 * Level 5.0 Dodging
 + Level 0.2 Stealth


You had 6 spell levels left.
You didn't know any spells.
Your spell library was empty.

Dungeon Overview and Level Annotations

Branches:
Dungeon (6/15)
 Temple: D:4-7

Altars:
Dithmenos
Elyvilon
Qazlal
Uskayaw
Yredelemnul
The Shining One

Shops:
D:3 :   D:4 ?

Portals:
Abyss: D:4

Annotations:
D:4 1 transporter, khangoldenlief's ghost, amateur MiFi


Innate Abilities, Weirdness & Mutations

You are too large for most types of armour.
You have tough skin. (AC +1)


Message History

There is a stone staircase leading up here.
You climb upwards.
The centaur shoots an arrow.
The arrow misses you. The ogre hits you with a +0 giant club.
The bullfrog zombie closely misses you. The ice beast hits you.
The ice beast freezes you!
The centaur shoots an arrow.
The arrow hits you! The scorpion stings you.
The bullfrog zombie closely misses you. The ogre hits you with a +0 giant club!
There is a stone staircase leading down, spattered with blood here.
The centaur shoots an arrow.
The arrow closely misses you.
The ice beast hits you but does no damage.
The scorpion stings you but does no damage.
The bullfrog zombie barely misses you.
The centaur shoots an arrow.
The arrow hits you.
You climb downwards.
There is a stone staircase leading up here.
A red film seems to cover your vision as you go berserk!
You feel yourself moving faster!
You feel mighty! The ice beast hits you. The ice beast freezes you.
* * * LOW HITPOINT WARNING * * *
The scorpion barely misses you. The ogre hits you with a +0 giant club!
* * * LOW HITPOINT WARNING * * *
You sock the ogre!
The ogre is moderately wounded.
The scorpion stings you!
* * * LOW HITPOINT WARNING * * *
You are lethally poisoned!
The scorpion poisons you!
The ice beast hits you but does no damage.
The ogre barely misses you.
You barely miss the ogre.
The ogre is moderately wounded.
* * * LOW HITPOINT WARNING * * *
You feel very sick.
The scorpion stings you but does no damage.
The ice beast hits you but does no damage.
You sock the ogre!
The ogre is severely wounded.
* * * LOW HITPOINT WARNING * * *
You feel sick. The scorpion misses you.
The ogre hits you with a +0 giant club!!
You die...

## #.##
...###
.....#.
##.......
#Os......
#@.......
##Y......
.##..[.
.. ...
... ..
.... .
.....
......


You could see an ice beast, an ogre and a scorpion.

Vanquished Creatures
  Sigmund (D:4)
  A black bear (D:3)
  A scorpion (D:5)
  A howler monkey (D:4)
  An orc priest (D:4)
  An iguana (D:5)
  A hound skeleton (D:5)
  5 adders
  A white imp (D:6)
  2 adder skeletons
  A worm (D:2)
  2 dart slugs (D:4)
  5 orcs
  10 bats
  4 endoplasms
  2 giant cockroaches
  8 goblins
  A hobgoblin (D:1)
  6 ball pythons
  4 frilled lizards (D:1)
  6 kobolds
  10 rats
74 creatures vanquished.

Notes
Turn   | Place    | Note
-------+----------+-------------------------------------------
     0 | D:1      | bobregger the Ogre Berserker began the quest for the Orb.
     0 | D:1      | Reached XP level 1. HP: 24/24 MP: 1/1
    49 | D:1      | Reached XP level 2. HP: 27/32 MP: 2/2
   853 | D:1      | Reached ** piety under Trog
   854 | D:1      | Reached XP level 3. HP: 18/39 MP: 3/3
  1016 | D:1      | Found a faded altar of an unknown god.
  2241 | D:3      | Found a white marble altar of Elyvilon.
  2278 | D:3      | Found a hide-covered altar of Uskayaw.
  2308 | D:3      | Reached XP level 4. HP: 33/49 MP: 4/4
  2573 | D:3      | You fall into a shaft and drop 1 floor!
  2640 | D:4      | Reached XP level 5. HP: 55/55 MP: 5/5
  2818 | D:4      | Found Pelynaot's Magic Scroll Boutique.
  3032 | D:4      | Noticed Sigmund
  3043 | D:4      | Killed Sigmund
  3044 | D:4      | Reached skill level 5 in Fighting
  3044 | D:4      | Reached XP level 6. HP: 66/66 MP: 6/6
  3093 | D:4      | Noticed a small abomination
  3392 | D:4      | Found a one-way gate to the infinite horrors of the Abyss.
  3392 | D:4      | Noticed khangoldenlief's ghost (amateur MiFi)
  3397 | D:4      | Found a transporter.
  3447 | D:3      | Found Genk's Book Boutique.
  3677 | D:3      | Found a stormy altar of Qazlal.
  3709 | D:3      | Found a glowing golden altar of the Shining One.
  3711 | D:3      | Noticed an angel
  3726 | D:3      | Noticed a black bear
  3731 | D:3      | Killed a black bear
  4083 | D:3      | Found a shadowy altar of Dithmenos.
  4207 | D:3      | Found a basalt altar of Yredelemnul.
  4361 | D:5      | Entered Level 5 of the Dungeon
  4381 | D:5      | Reached skill level 5 in Maces & Flails
  4381 | D:5      | Reached skill level 5 in Dodging
  4381 | D:5      | Reached XP level 7. HP: 64/72 MP: 7/7
  4696 | D:6      | HP: 4/111 [poisoned by a scorpion]
  4696 | D:6      | Demolished by an ogre

Illustrated notes

Levels and vault maps discovered:
D:1:      dpeg_arrival_subterranean_lakeside_camping, layout_loops_ring,
          chequers_ecumenical_altar_simple, st_stairs_11
D:2:      layout_loops_ring
D:3:      layout_loops_ring, nicolae_uskayaw_murder_on_the_dancefloor,
          nicolae_dithmenos_through_a_glass_darkly, amcnicky_altar_gilded,
          grunt_temple_overflow_holy_war, nicolae_qazlal_eye_of_the_storm,
          serial_shops, nicolae_shop_stone, minmay_misc_feat_chi
D:4:      layout_loops_ring, serial_shops, shop, gammafunk_ghost_abyssal_escape,
          hangedman_decor_opposing, uniq_sigmund
D:5:      layout_basic, minmay_temple_entry_trees
D:6:      layout_cave_pools, serial_shops, nicolae_shop_advertising_works
          [nicolae_subvault_shop_adworks], amethyst_killhole

Skill      XL: |  1  2  3  4  5  6 |
---------------+-------------------+-----
Dodging        | 3 4 5 |  5.0
Maces & Flails | 3 4 5 |  5.1
Fighting       | 5 |  5.7
Stealth        | |  0.2

Action                   |  1- 3 |  4- 6 |  7- 9 || total
-------------------------+-------+-------+-------++-------
Melee: Mace              |   134 |    94 |    18 ||   246
       Punch             |       |     1 |       ||     1
Invok: Berserk           |       |     5 |     1 ||     6
Armor: Animal skin       |    53 |    21 |    10 ||    84
Dodge: Dodged            |   110 |    70 |    23 ||   203
